 Dungeon Crawl Stone Soup version 0.29-a0-322-g68df515428 (webtiles) character file.

Game seed: 8374823226019142907

149 sokol815 the Twirler (level 5, 0/30 HPs)
             Began as a Gargoyle Gladiator on Apr 7, 2022.
             Slain by Natasha (7 damage)
             ... on level 2 of the Dungeon.
             The game lasted 00:03:33 (2531 turns).

sokol815 the Twirler (Gargoyle Gladiator)           Turns: 2531, Time: 00:03:33

Health: 0/30       AC: 16    Str: 17    XL:     5   Next: 31%
Magic:  5/5        EV:  7    Int: 11    God:
Gold:   201        SH:  0    Dex: 11    Spells: 4/4 levels left

rFire   . . .      SeeInvis .   h - +0 short sword (elec)
rCold   . . .      Faith    .   (no shield)
rNeg    + . .      Spirit   .   n - +0 chain mail
rPois   ∞          Reflect  .   c - +0 helmet
rElec   +          Harm     .   g - +2 cloak of the Insatiable Runes {+Inv}
rCorr   .          Rampage  .   (no gloves)
Will    .....                   (no boots)
Stlth   ..........              (no amulet)
HPRegen 0.10/turn               (no ring)
MPRegen 0.09/turn               (no ring)

@: slowed, very slow
A: sickness immunity, AC +4, negative energy resistance 1, electricity
resistance, torment resistance 1, petrification resistance
a: Evoke Invisibility


You were on level 2 of the Dungeon.
You visited 1 branch of the dungeon, and saw 2 of its levels.

You collected 201 gold pieces.

Inventory:

Hand Weapons
 a - a +0 quarterstaff
 h - a +0 short sword of electrocution (weapon)
   (You found it on level 1 of the Dungeon)
Missiles
 d - 3 throwing nets {!d}
 e - a javelin
 s - 82 stones
Armour
 b - a +0 leather armour
 c - a +0 helmet (worn)
 g - the +2 cloak of the Insatiable Runes (worn) {+Inv}
   (You found it on level 2 of the Dungeon)

   +Inv:      It lets you turn invisible.
 n - a +0 chain mail (worn)
   (You found it on level 2 of the Dungeon)
Scrolls
 o - a scroll of summoning {unknown}
 X - a scroll of magic mapping {@r4!r}
Potions
 f - 4 potions of curing {unknown}
 i - a potion of flight {unknown}
 j - a potion of invisibility {unknown}
 k - a potion of mutation {unknown}
 l - a potion of might {unknown}
 m - 2 potions of cancellation {unknown}


   Skills:
 - Level 2.1 Fighting
 + Level 5.5 Staves
 - Level 1.7 Throwing
 - Level 2.4 Dodging
 * Level 1.9 Stealth


You had 4 spell levels left.
You didn't know any spells.
Your spell library was empty.

Dungeon Overview and Level Annotations

Branches:
Dungeon (2/15)

Altars:

Annotations:
D:2 Natasha


Innate Abilities, Weirdness & Mutations

You are immune to sickness and miasma.
Your stone body is resilient. (AC +4)
You are immune to poison.
You resist negative energy. (rN+)
You are resistant to electric shocks. (rElec)
You are resistant to unholy torment.
You are immune to petrification.


Message History

Health restored: 30 You now have 201 gold pieces (gained 13).
s - 82 stones (gained 13)
There is a stone staircase leading down here.
Natasha, Servant of Life and Death comes into view.
You start waiting.
Natasha is nearby!
Natasha hisses angrily.
Natasha casts a spell.
Natasha growls.
Natasha stares at you and mumbles some strange words.
The magic dart hits you but does no damage.
The shadow imp gestures at you. Pain shoots through your body!
You take 3 damage, and have 27/30 hp.
You barely miss Natasha. Natasha barely misses you.
The shadow imp hits you but does no damage.
You closely miss Natasha.
Natasha stares at you and mumbles some strange words.
You feel yourself slow down. The shadow imp barely misses you.
You hear the crackle of electricity.
h - a +0 short sword of electrocution (weapon)
Natasha claws you but does no damage.
You closely miss Natasha. The shadow imp hits you. Natasha barely misses you.
The shadow imp hits you but does no damage.
You take 2 damage, and have 26/30 hp.
You completely miss Natasha. Natasha closely misses you.
The shadow imp hits you. Natasha claws you but does no damage.
The shadow imp hits you.
You take 4 damage, and have 22/30 hp.
You barely miss Natasha. Natasha barely misses you.
The shadow imp barely misses you. Natasha claws you but does no damage.
You hit Natasha.
The shadow imp hits you but does no damage.
Natasha claws you. The shadow imp barely misses you.
You take 5 damage, and have 17/30 hp.
You hit Natasha.
Natasha mumbles some strange words.
The shadow imp closely misses you. Natasha claws you but does no damage.
You hit Natasha but do no damage. The shadow imp gestures at you.
Pain shoots through your body! Natasha closely misses you.
The crimson imp picks up a beetle and eats it.
The shadow imp hits you but does no damage.
Natasha casts a spell at you. You resist with some effort.
You take 4 damage, and have 13/30 hp.
You hit Natasha. Lightning courses through Natasha!
The shadow imp hits you but does no damage.
Natasha claws you but does no damage.
The crimson imp lashes its tail.
The crimson imp blinks!
The shadow imp barely misses you.
You hit Natasha.
You kill Natasha!
Natasha screams in pain as she dies!
The shadow imp disappears in a puff of smoke!
The crimson imp disappears in a puff of smoke!
You see here the felid corpse of Natasha.
Natasha, Servant of Life and Death comes into view.
Natasha howls an incantation.
Natasha glows brightly for a moment.
You feel yourself speed up. Natasha casts a spell at you.
You feel yourself slow down. Natasha barely misses you.
You hit Natasha. Natasha claws you but does no damage.
Natasha completely misses you.
You hit Natasha.
Natasha mumbles some strange words. x2
You hit Natasha. Natasha claws you but does no damage.
You closely miss Natasha. Natasha casts a spell at you.
The magic dart hits you but does no damage.
The shadow imp gestures at you. Pain shoots through your body!
Natasha completely misses you.
The crimson imp hits you but does no damage.
The shadow imp gestures at you.
You barely resist.
You take 2 damage, and have 13/30 hp.
You hit Natasha. Natasha claws you but does no damage.
The crimson imp hits you but does no damage.
The shadow imp hits you but does no damage.
Natasha claws you.
* * * LOW HITPOINT WARNING * * *
You take 5 damage, and have 8/30 hp.
You hit Natasha.
The shadow imp hits you but does no damage.
The crimson imp hits you.
* * * LOW HITPOINT WARNING * * *
Natasha hisses.
Natasha claws you but does no damage.
The shadow imp hits you but does no damage.
The crimson imp hits you but does no damage.
You take 1 damage, and have 7/30 hp.
You hit Natasha. Natasha claws you but does no damage.
The crimson imp hits you but does no damage.
The shadow imp hits you but does no damage.
Natasha claws you!
You die...

#....#............#.............
#....#............#.............
#....#>.........................
#.................†.............
##...........................=...
.....#...........................
#....#..........####.............
#....#.........#####.............
#.#.............@h.......#######.
#.#.............55...............
#.#........................#####.
#.#..............................
#'#..............................
......................##.........
...........##.........##.........
.<...).....##.........#..........
...#.......##.........#.........>


You could see Natasha, a crimson imp (summoned) and a shadow imp (summoned).

Vanquished Creatures
  Natasha (twice) (D:2)
  4 adders
  3 gnolls
  A worm (D:2)
  2 ball pythons
  4 endoplasms
  A giant cockroach (D:2)
  3 goblins (D:2)
  2 quokkas
  3 bats
  2 frilled lizards (D:2)
  4 kobolds
  5 rats
36 creatures vanquished.

Notes
Turn   | Place    | Note
-------+----------+-------------------------------------------
     0 | D:1      | sokol815 the Gargoyle Gladiator began the quest for the
                  | Orb.
     0 | D:1      | Reached XP level 1. HP: 12/12 MP: 1/1
   454 | D:1      | Reached XP level 2. HP: 17/17 MP: 2/2
   994 | D:2      | Reached skill level 4 in Staves
   994 | D:2      | Reached XP level 3. HP: 17/21 MP: 3/3
  1597 | D:1      | Reached XP level 4. HP: 14/26 MP: 4/4
  1759 | D:2      | Reached skill level 5 in Staves
  1868 | D:2      | Noticed Natasha
  1869 | D:2      | Identified the +2 cloak of the Insatiable Runes {+Inv}
  1888 | D:2      | HP: 3/26 [Natasha (4)]
  1892 | D:2      | Killed Natasha
  2306 | D:2      | Reached skill level 1 in Stealth
  2306 | D:2      | Reached XP level 5. HP: 27/30 MP: 5/5
  2452 | D:2      | Noticed Natasha
  2513 | D:2      | Killed Natasha
  2516 | D:2      | Noticed Natasha
  2530 | D:2      | HP: 7/30 [crimson imp[Natasha] (2)]
  2531 | D:2      | Slain by Natasha

Illustrated notes

Levels and vault maps discovered:
D:1:      matt_arrival_refuge, layout_loops_ring
D:2:      layout_basic, uniq_natasha

Skill      XL: |  1  2  3  4 |
---------------+-------------+-----
Staves         | 4 5 |  5.5
Stealth        | 1 |  1.9
Fighting       | |  2.1
Throwing       | |  1.7
Dodging        | |  2.4

Action                   |  1- 3 |  4- 6 || total
-------------------------+-------+-------++-------
Melee: Quarterstaff      |    74 |    50 ||   124
       Short sword       |       |    15 ||    15
Throw: Javelin           |     1 |       ||     1
  Use: Scroll            |     2 |       ||     2
Armor: Leather armour    |    12 |       ||    12
       Chain mail        |    26 |    58 ||    84
Dodge: Dodged            |    46 |    25 ||    71

Table legend: (Time is in decaauts)
 A = Elapsed time spent in this place.
 B = Non-inter-level travel time spent in this place.
 C = Inter-level travel time spent in this place.
 D = Time resting spent in this place.
 E = Time spent auto-exploring this place.
 F = Levels seen in this place.
 G = Mean time per level.
                   A        B        C        D        E       F      G
               +--------+--------+--------+--------+--------+-----+--------+
         Total |   2589 |   2546 |     43 |    777 |   1372 |   2 | 1294.5 |
       Dungeon |   2589 |   2546 |     43 |    777 |   1372 |   2 | 1294.5 |
               +--------+--------+--------+--------+--------+-----+--------+

Top non-repeatable levels by time:
     D:2: 1422 daAuts
     D:1: 1167 daAuts

Table legend:
 A = Kills in this place as a percentage of kills in entire the game.
 B = Kills by you in this place as a percentage of kills by you in the entire game.
 C = Kills by friends in this place as a percentage of kills by friends in the entire game.
 D = Other kills in this place as a percentage of other kills in the entire game.
 E = Experience gained in this place as a percentage of experience gained in the entire game.
 F = Experience gained in this place divided by the number of levels of this place that you have seen.
                   A       B       C       D       E      F
               +-------+-------+-------+-------+-------+----------------------
         Total | 100.0 | 100.0 |   N/A |   N/A | 100.0 | 107.0
       Dungeon | 100.0 | 100.0 |   N/A |   N/A | 100.0 | 107.0
               +-------+-------+-------+-------+-------+----------------------
